Map: Terraform LE (Void)

Players

Lestat

  • Race: Protoss Protoss
  • League: Grandmaster

wabbajack - Winner!

  • Race: Zerg Zerg
  • League: Gold

VOD

Have the link to the VOD?

Description

Time

  • Played on: July 18, 2015, 9:01 p.m.
  • Length: 20:23
Show
View Real Time Build Order
Export as new Build Order

Lestat Protoss 

Build Orders:  

Get SALT Encoding   

  12  0:12  Pylon  
  12  0:14  Probe  
  13  0:26  Probe  
  14  0:34  Gateway  
  14  0:38  Probe (Chrono Boost)  
  15  0:48  Probe (Chrono Boost)  
  16  0:51  Assimilator  
  16  0:55  Probe  
  17  1:03  Assimilator  
  17  1:07  Probe  
  17  1:10  Pylon  
  18  1:19  Probe  
  19  1:25  Cybernetics Core  
  19  1:31  Zealot  
  21  1:38  Probe  
  22  1:50  Probe  
  23  1:56  Gateway  
  23  2:02  Probe, Warp Gate (Chrono Boost)  
  24  2:15  Mothership Core  
  26  2:22  Pylon  
  26  2:31  Robotics Facility  
  26  2:36  Probe  
  27  2:48  Probe  
  27  2:51  Gateway  
  28  3:00  Probe, Pylon  
  29  3:11  Stalker  
  29  3:12  Probe  
  32  3:13  Sentry  
  35  3:20  Observer  
  35  3:24  Probe  
  36  3:55  Robotics Bay  
  36  4:00  Zealot  
  36  4:01  Stalker  
  36  4:02  Zealot  
  42  4:22  Stalker  
  42  4:23  Stalker  
  32  4:47  Probe (Chrono Boost)  
  32  4:58  Probe (Chrono Boost)  
  33  5:04  Probe  
  37  5:14  Disruptor  
  37  5:16  Probe (Chrono Boost)  
  37  5:18  Nexus  
  38  5:28  Probe (Chrono Boost)  
  39  5:32  Stalker  
  39  5:34  Probe (Chrono Boost)  
  42  5:46  Probe  
  42  5:47  Stalker  
  45  6:00  Pylon  
  39  6:25  Colossus (Chrono Boost)  
  35  6:28  Probe (Chrono Boost)  
  43  6:40  Probe (Chrono Boost)  
  43  6:45  Disruptor  
  43  6:48  Probe (Chrono Boost)  
  43  6:52  Zealot  
  43  6:53  Zealot  
  47  7:09  Zealot  
  32  7:35  Probe (Chrono Boost)  
  32  7:36  Probe (Chrono Boost)  
  34  7:41  Stalker  
  34  7:42  Stalker  
  39  7:45  Probe x2 (Chrono Boost)  
  31  7:52  Probe (Chrono Boost)  
  31  7:53  Probe (Chrono Boost)  
  33  8:07  Probe x2 (Chrono Boost)  
  35  8:16  Probe (Chrono Boost)  
  35  8:17  Probe (Chrono Boost)  
  37  8:28  Probe (Chrono Boost)  
  37  8:30  Probe (Chrono Boost)  
  39  8:38  Probe x2 (Chrono Boost)  
  43  8:49  Probe x2 (Chrono Boost)  
  44  8:55  Probe (Chrono Boost)  
  44  9:01  Probe (Chrono Boost)  
  45  9:07  Probe (Chrono Boost)  
  46  9:11  Probe (Chrono Boost)  
  46  9:12  Forge  
  46  9:14  Probe (Chrono Boost)  
  48  9:22  Probe (Chrono Boost)  
  50  9:24  Probe (Chrono Boost)  
  53  9:33  Probe (Chrono Boost)  
  53  9:34  Probe (Chrono Boost)  
  53  9:36  Disruptor  
  53  9:38  Zealot  
  57  9:39  Probe  
  57  9:41  Probe  
  57  9:45  Protoss Ground Weapons Level 1 (Chrono Boost)  
  59  9:54  Pylon  
  59  9:55  Extended Thermal Lance (Chrono Boost)  
  59  9:58  Probe  
  60  10:04  Pylon  
  60  10:11  Colossus (Chrono Boost)  
  60  10:12  Probe  
  67  10:22  Pylon  
  67  10:26  Assimilator  
  67  10:29  Assimilator  
  67  10:32  Stalker  
  67  10:33  Zealot  
  71  10:39  Stalker  
  73  10:54  Pylon  
  73  10:58  Colossus (Chrono Boost)  
  73  11:03  Stalker x2  
  83  11:12  Pylon  
  83  11:20  Zealot  
  83  11:24  Disruptor, Photon Cannon  
  85  11:28  Probe x2, Photon Cannon  
  87  11:42  Stalker x3  
  58  12:25  Colossus (Chrono Boost)  
  58  12:26  Probe x2  
  58  12:28  Stalker  
  58  12:29  Stalker  
  68  12:30  Stalker  
  70  12:38  Probe  
  70  12:39  Mothership Core  
  73  12:48  Protoss Ground Armor Level 1 (Chrono Boost)  
  73  12:50  Probe  
  74  12:52  Twilight Council  
  68  13:00  Probe  
  68  13:03  Zealot  
  68  13:04  Zealot x2  
  71  13:08  Probe  
  71  13:11  Colossus (Chrono Boost)  
  71  13:12  Probe  
  79  13:17  Gateway  
  79  13:21  Probe  
  79  13:24  Probe  
  81  13:27  Zealot  
  81  13:28  Zealot x2  
  71  13:49  Stalker x2  
  71  13:53  Probe x2  
  77  13:59  Dark Shrine  
  75  14:05  Colossus  
  75  14:08  Mothership Core (Chrono Boost), Probe (Chrono Boost)  
  84  14:20  Probe (Chrono Boost)  
  85  14:27  Protoss Ground Weapons Level 2  
  85  14:29  Probe (Chrono Boost)  
  85  14:30  Stalker x2, Probe (Chrono Boost)  
  91  14:32  Nexus  
  92  14:38  Probe  
  92  14:43  Assimilator  
  92  14:46  Assimilator  
  92  14:55  Stalker x2  
  92  14:56  Stalker  
  92  14:58  Sentry  
  99  15:19  Disruptor  
  93  15:21  Stalker x2  
  93  15:22  Stalker  
  93  15:47  Mothership Core  
  95  16:07  Stalker  
  95  16:09  Dark Templar  
  99  16:14  Nexus  
  99  16:15  Dark Templar  
  101  16:22  Observer  
  101  16:24  Zealot  
  104  16:40  Pylon  
  104  16:42  Colossus (Chrono Boost)  
  104  16:44  Pylon  
  110  17:06  Dark Templar  
  110  17:07  Dark Templar  
  114  17:20  Protoss Ground Weapons Level 3  
  114  17:33  Stalker  
  114  17:35  Zealot  
  118  17:48  Stalker x2  
  122  17:51  Disruptor  
  115  18:33  Stalker x3  
  119  18:34  Colossus (Chrono Boost)  
  125  18:58  Disruptor  
  125  19:04  Pylon  
  125  19:11  Pylon  
  125  19:12  Stalker x4  
  125  19:15  Assimilator  
  133  19:20  Assimilator  
  133  19:22  Gateway  
  133  19:25  Colossus (Chrono Boost), Pylon  
  133  19:26  Gateway  
  107  19:36  Stalker x2  
  107  19:37  Stalker  
  107  19:38  Stalker  
Show
View Real Time Build Order
Export as new Build Order

wabbajack Zerg - Winner!

Build Orders: Hatch First, Lurkers 

Get SALT Encoding   

  12  0:03  Drone  
  13  0:13  Overlord  
  13  0:18  Drone  
  14  0:25  Extractor  
  14  0:26  Drone  
  15  0:48  Hatchery  
  14  0:56  Drone  
  16  0:57  Drone  
  16  1:03  Extractor  
  15  1:04  Drone  
  16  1:14  Drone  
  17  1:23  Spawning Pool  
  16  1:27  Drone  
  17  1:37  Drone  
  18  1:40  Drone  
  19  1:54  Overlord  
  19  2:03  Drone  
  20  2:10  Metabolic Boost, Queen  
  20  2:15  Queen  
  24  2:25  Extractor  
  24  2:28  Drone, Baneling Nest  
  23  2:31  Drone  
  23  2:35  Drone  
  25  2:39  Drone  
  26  2:47  Zergling x4  
  28  3:00  Zergling x4  
  28  3:02  Zergling x4  
  28  3:05  Pneumatized Carapace  
  32  3:10  Overlord  
  32  3:34  Baneling x3  
  32  3:37  Baneling  
  32  3:42  Queen  
  32  3:44  Drone x4  
  37  4:04  Baneling  
  37  4:05  Baneling  
  33  4:56  Overlord x2  
  32  5:03  Drone x3  
  32  5:04  Drone  
  32  5:05  Overlord x2  
  32  5:06  Evolution Chamber x2  
  34  5:13  Lair, Roach Warren  
  33  5:17  Evolution Chamber  
  32  5:32  Zergling x2  
  34  5:35  Drone x2  
  34  5:36  Drone x2  
  37  5:50  Zergling x2  
  37  5:52  Zergling x2  
  37  5:53  Zergling x24  
  49  5:57  Roach  
  49  6:08  Zerg Ground Armor Level 1  
  46  6:31  Hatchery  
  45  6:36  Zergling x2  
  45  6:37  Zergling x8  
  50  6:57  Baneling x3  
  50  6:58  Baneling  
  39  7:31  Hatchery  
  31  7:55  Spire  
  30  8:06  Queen  
  32  8:17  Glial Reconstitution  
  32  8:19  Zerg Ground Armor Level 2  
  32  8:24  Evolution Chamber  
  32  8:25  Roach  
  32  8:26  Hydralisk Den, Roach x6  
  44  8:41  Lurker Den, Queen  
  46  8:59  Drone  
  46  9:00  Drone x5  
  52  9:17  Queen  
  54  9:31  Drone  
  54  9:32  Drone x11  
  54  9:35  Overlord  
  66  9:39  Overlord  
  66  9:46  Zerg Flyer Weapons Level 1  
  66  9:52  Zerg Missile Weapons Level 1  
  66  9:54  Zerg Melee Weapons Level 1  
  66  10:02  Extractor  
  66  10:04  Extractor  
  64  10:18  Hydralisk x4  
  64  10:20  Corruptor x2  
  76  10:23  Corruptor  
  78  10:32  Overlord x2  
  78  10:37  Zergling x4  
  78  10:38  Zergling x2  
  78  10:39  Zergling x2  
  82  10:53  Lurker  
  82  10:54  Lurker  
  82  10:56  Roach x5  
  94  10:58  Overlord  
  94  11:02  Overlord  
  94  11:22  Drone x5  
  94  11:23  Drone x6  
  104  11:43  Lurker x2  
  104  11:45  Overlord x4, Extractor  
  104  11:46  Extractor  
  104  11:49  Zerg Melee Weapons Level 2  
  104  11:53  Zerg Missile Weapons Level 2  
  77  12:15  Corruptor  
  68  12:16  Corruptor x3  
  67  12:31  Zergling x2  
  67  12:32  Zergling x28  
  67  12:33  Zergling x4  
  78  12:53  Infestation Pit  
  77  13:04  Hydralisk x3  
  83  13:14  Hatchery  
  65  13:47  Corruptor  
  65  13:48  Corruptor x2, Hydralisk  
  67  13:49  Hydralisk x5  
  77  14:11  Queen  
  77  14:16  Hive  
  79  14:27  Drone  
  79  14:28  Drone x12  
  76  15:27  Corruptor x3  
  76  15:28  Corruptor  
  80  15:29  Hydralisk x7  
  80  15:34  Adrenal Glands  
  94  15:43  Zerg Ground Armor Level 3  
  94  15:48  Extractor, Queen  
  94  15:49  Extractor  
  94  15:57  Drone x3  
  94  15:58  Drone x3  
  94  16:02  Lurker  
  94  16:03  Lurker  
  102  16:04  Hatchery  
  101  16:28  Zerg Melee Weapons Level 3  
  101  16:31  Extractor  
  100  16:34  Extractor  
  100  16:38  Roach  
  100  16:39  Roach x9  
  121  16:40  Roach  
  121  16:41  Overlord x3  
  121  16:42  Zergling x2  
  121  16:43  Zergling x16  
  121  16:44  Zergling x2  
  131  16:49  Greater Spire  
  131  16:58  Drone x3  
  131  16:59  Drone x3  
  137  17:06  Overseer x2  
  137  17:08  Overseer  
  137  17:09  Overseer  
  137  17:25  Muscular Augments  
  137  17:31  Queen  
  137  17:32  Overlord x2  
  137  17:36  Roach x11  
  161  17:39  Lurker x2  
  161  17:43  Lurker  
  164  17:52  Burrow  
  164  17:54  Tunneling Claws  
  164  17:56  Overlord  
  149  18:20  Spore Crawler  
  149  18:22  Spine Crawler  
  149  18:25  Spore Crawler  
  133  18:37  Spore Crawler, Spine Crawler  
  133  18:39  Spine Crawler  
  133  18:40  Spore Crawler  
  129  18:44  Spine Crawler  
  129  18:45  Spine Crawler  
  129  18:46  Drone x2  
  129  18:47  Drone  
  130  18:50  Drone x2  
  130  18:52  Drone x3  
  130  18:53  Drone x2  
  130  18:54  Drone x2  
  139  19:07  Drone x4  
  135  19:32  Roach x5  
  135  19:35  Roach  
Tags
 
Add a new tag
Caveats
  • Supply blocks, unpowered buildings, or Contaminate may cause inaccurate times.
  • Supply counts are checked every 10 seconds.